 Dungeon Crawl Stone Soup version 0.27-a0-1177-g245c70e1c0 (webtiles) character file.

Game seed: 12386091522268004571

26040 pokeman the Eclecticist (level 12, 0/67 HPs)
             Began as a Deep Elf Hedge Wizard on May 16, 2021.
             Was an Elder of Vehumet.
             Succumbed to a cane toad's poison
             ... on level 1 of the Lair of Beasts.
             The game lasted 00:45:45 (18343 turns).

pokeman the Eclecticist (Deep Elf Hedge Wizard)    Turns: 18343, Time: 00:45:45

Health: 0/67       AC: 15    Str:  7    XL:     12   Next: 94%
Magic:  7/35       EV: 11    Int: 31    God:    Vehumet [****..]
Gold:   896        SH:  5    Dex: 14    Spells: 18/45 levels left

rFire    . . .     SeeInvis .   Q - +0 short sword (venom)
rCold    . . .     Faith    .   U - +0 buckler
rNeg     . . .     Spirit   .   a - +0 acid dragon scales
rPois    .         Reflect  .   j - +1 helmet
rElec    .         Harm     .   q - +0 cloak
rCorr    +         Rampage  .   w - +0 pair of gloves
Will     +....                  n - +2 pair of boots
Stlth    ++........             E - amulet of magic regeneration
HPRegen  0.21/turn              F - ring of wizardry
MPRegen  0.49/turn              z - +6 ring of intelligence

@: lethally poisoned (0 -> -9), studying Slings
A: no striking features
a: Renounce Religion


You were on level 1 of the Lair of Beasts.
You worshipped Vehumet.
Vehumet was greatly pleased with you.
You visited 3 branches of the dungeon, and saw 16 of its levels.
You also visited: Sewer.

You collected 896 gold pieces.

Inventory:

Hand Weapons
 C - a +0 shortbow
 Q - a +0 short sword of venom (weapon)
Missiles
 l - 115 bolts
 v - 264 arrows
 D - 5 curare-tipped darts
Armour
 a - +0 acid dragon scales (worn)
 j - a +1 helmet (worn)
 n - a +2 pair of boots (worn)
 q - a +0 cloak (worn)
 w - a +0 pair of gloves (worn)
 U - a +0 buckler (worn)
Jewellery
 e - a +6 ring of dexterity
 z - a +6 ring of intelligence (right hand)
 B - an amulet of regeneration
 E - an amulet of magic regeneration (around neck)
 F - a ring of wizardry (left hand)
 S - a ring of ice
Wands
 f - a wand of iceblast (13)
 A - a wand of acid (30)
Scrolls
 b - 3 scrolls of teleportation
 d - 2 scrolls of magic mapping
 s - 2 scrolls of brand weapon {unknown}
 y - 3 scrolls of immolation {unknown}
 R - 2 scrolls of enchant weapon {unknown}
 W - 3 scrolls of amnesia {unknown}
Potions
 c - 7 potions of curing
 g - 4 potions of flight
 h - 2 potions of magic
 k - 2 potions of might
 m - 5 potions of heal wounds
 o - a potion of cancellation {unknown}
 t - 4 potions of attraction {unknown}
 u - 2 potions of lignification {unknown}
 x - 2 potions of berserk rage {unknown}
 G - 3 potions of ambrosia {unknown}
 H - a potion of brilliance {unknown}
 N - 2 potions of mutation {unknown}
 O - 3 potions of haste {unknown}
 T - 2 potions of resistance {unknown}
Miscellaneous
 i - a piece from Xom's chessboard (15/15)
 V - a lightning rod (4/4)


   Skills:
 + Level 4.3 Fighting
 - Level 5.1 Armour
 - Level 3.1 Dodging
 - Level 3.0 Stealth
 - Level 4.1 Shields
 * Level 17.3 Spellcasting
 + Level 10.8 Conjurations
 - Level 1.1 Summonings
 - Level 1.1 Translocations
 + Level 10.3 Fire Magic
 - Level 1.0 Ice Magic
 - Level 1.4 Air Magic
 - Level 1.1 Earth Magic
 - Level 1.0 Poison Magic
 - Level 1.0 Evocations


You had 18 spell levels left.
You knew the following spells:

 Your Spells              Type           Power      Damage    Failure   Level
a - Magic Dart            Conj           100%       1d8       1%          1
b - Mephitic Cloud        Conj/Pois/Air  53%        N/A       1%          3
c - Call Imp              Summ           33%        N/A       1%          2
d - Blink                 Tloc           N/A        N/A       1%          2
e - Conjure Flame         Conj/Fire      75%        6-21      1%          3
f - Foxfire               Conj/Fire      100%       2x1d9     1%          1
g - Fireball              Conj/Fire      37%        3d15      1%          5
h - Freezing Cloud        Conj/Ice/Air   26%        6-21      8%          6
i - Shock                 Conj/Air       100%       1d9       1%          1
j - Stone Arrow           Conj/Erth      100%       3d13      1%          3

Your spell library contained the following spells:

 Spells                   Type           Power      Damage    Failure   Level
 Yara's Violent Unravell  Hex/Tmut       13%        3d7       9%          5
 Corona                   Hex            28%        N/A       1%          1
 Sandblast                Erth           68%        2d15      1%          1
 Passwall                 Tmut/Erth      25%        N/A       1%          2
 Poisonous Vapours        Pois/Air       68%        N/A       1%          2
 Searing Ray              Conj           100%       3d7       1%          2
 Slow                     Hex            26%        N/A       1%          2
 Dazzling Flash           Conj/Hex       100%       N/A       1%          3
 Inner Flame              Hex/Fire       56%        N/A       1%          3
 Fulminant Prism          Conj/Hex       28%        3d14      1%          4
 Iskenderun's Mystic Bla  Conj/Tloc      59%        2d12      1%          4
 Sticky Flame             Conj/Fire      75%        2d9       1%          4
 Portal Projectile        Hex/Tloc       60%        N/A       2%          3
 Lee's Rapid Deconstruct  Erth           17%        3d11*     5%          5
 Leda's Liquefaction      Hex/Erth       15%        N/A       9%          4
 Petrify                  Tmut/Erth      30%        N/A       9%          4
 Cause Fear               Hex            13%        N/A       11%         4


Dungeon Overview and Level Annotations

Branches:
Dungeon (13/15)            Temple (1/1) D:7            Lair (2/6) D:9
    Orc (0/2) D:11          Sewer (visited)
  Swamp: Lair:2-4    Shoals: Lair:2-4     Snake: Lair:2-4    Spider: Lair:2-4
 Vaults: D:13-14

Altars:
Cheibriados
Dithmenos
Okawaru
Vehumet
Wu Jian

Shops:
D:3 *   D:6 (   D:11 [   D:12 =

Annotations:
D:13 Rupert
Lair:2 Harold


Message History

The cane toad croaks.
The cane toad stings you!
Harold the Weathered comes into view.
He is wielding a +0 scimitar and wearing a +3 scale mail of fire resistance.
The cane toad stings you! The cane toad stings you!
There is a stone staircase leading up here.
Harold shouts!
The cane toad stings you!
* * * LOW HITPOINT WARNING * * *
You are lethally poisoned!
The cane toad poisons you!
You climb upwards.
* * * LOW HITPOINT WARNING * * *
You feel extremely sick.
There is a stone staircase leading down here.
Unknown command.
Casting: Fireball (safe; 1% risk of failure)
Confirm with . or Enter, or press ? or * to list all spells.
You blink.
* * * LOW HITPOINT WARNING * * *
You feel very sick.
Casting: Blink (safe; 1% risk of failure)
Confirm with . or Enter, or press ? or * to list all spells.
Aiming: Fireball (safe; 1% risk of failure)
Press: ? - help, Shift-Dir - straight line, f - cane toad
Aim: a cane toad The fireball explodes!
The fireball engulfs the cane toad!
The cane toad is heavily wounded.
* * * LOW HITPOINT WARNING * * *
You feel very sick.
Casting: Fireball (safe; 1% risk of failure)
Confirm with . or Enter, or press ? or * to list all spells.
Aiming: Fireball (safe; 1% risk of failure)
Press: ? - help, Shift-Dir - straight line, f/p - cane toad
Aim: a cane toad (heavily wounded)
The fireball explodes!
The fireball engulfs the cane toad!!
You kill the cane toad!
Vehumet accepts your kill.
You feel your power returning.
You die...

#..≈≈≈≈.≈≈≈≈≈.........##..####
...≈≈≈≈.>.≈≈≈.........###..#.#
....≈≈≈≈..≈≈≈^......>....#...#
...≈≈≈≈≈≈≈≈≈≈.......##.....#.#
....≈≈≈≈≈≈≈≈≈........#....####
.#....≈≈≈≈≈≈≈....##.......#
.......≈≈.≈..........#....#
.......##..............#..#
....#.........##@.....#####
...........#..........#####
...........#..............##
...........#............#..##
...>........#..........##.#.#
...##....#.....>##.....##.###
...#......#.....##.#......##
...†...............#.....#.##
.........................##.#


There were no monsters in sight!

Vanquished Creatures
  Josephine (D:12)
  Fannar (D:10)
  A boulder beetle (D:12)
  A catoblepas (D:13)
  Erica (D:9)
  6 two-headed ogres
  Sonja (D:10)
  8 slime creatures
  2 cyclopes
  A black mamba (Lair:1)
  A black mamba (shapeshifter) (D:13)
  2 ugly things
  4 elephants (Lair:2)
  A gargoyle (D:10)
  2 cane toads (Lair:1)
  A komodo dragon (Lair:1)
  2 trolls
  3 polar bears
  2 shadows (D:12)
  A wyvern (D:10)
  4 wraiths
  A basilisk (D:12)
  13 yaks
  Grum (D:9)
  10 vampire mosquitoes
  2 steam dragons
  Edmund (D:5)
  4 acid dragons
  A water moccasin (Lair:1)
  5 orc warriors
  4 black bears
  3 ice beasts
  5 sky beasts
  2 necrophages
  5 wolves
  4 ogres
  7 centaurs
  A phantom (D:7)
  4 kobold brigands
  6 bullfrogs
  A wyvern zombie (D:5)
  5 scorpions
  A wyvern skeleton (D:7)
  12 killer bees (D:9)
  5 wights (D:9)
  7 howler monkeys
  3 centaur zombies
  2 jellies (D:8)
  Crazy Yiuf (D:3)
  3 hounds
  3 orc priests
  2 centaur skeletons (D:6)
  4 iguanas
  6 orc wizards
  A killer bee zombie (D:6)
  A hound skeleton (D:4)
  A howler monkey zombie (D:9)
  5 adders
  2 howler monkey skeletons
  A river rat (Sewer)
  4 white imps (D:8)
  3 ufetubi
  5 worms
  An adder skeleton (D:4)
  2 dart slugs
  34 orcs
  5 bats
  5 endoplasms
  4 giant cockroaches
  17 goblins
  7 hobgoblins
  9 jackals
  13 kobolds
  6 quokkas
  3 ball pythons
  2 frilled lizards
  A quokka skeleton (D:4)
  9 rats
321 creatures vanquished.

Vanquished Creatures (collateral kills)
  Grinder (D:3)
  2 orcs (D:3)
3 creatures vanquished.

Vanquished Creatures (others)
  5 fungi (Lair:2)
  3 plants (Lair:2)
8 creatures vanquished.

Grand Total: 332 creatures vanquished

Notes
Turn   | Place    | Note
-------+----------+-------------------------------------------
     0 | D:1      | pokeman the Deep Elf Hedge Wizard began the quest for the
                  | Orb.
     0 | D:1      | Reached XP level 1. HP: 10/10 MP: 7/7
   239 | D:1      | Reached XP level 2. HP: 15/15 MP: 5/9
   887 | D:2      | Reached skill level 5 in Spellcasting
   891 | D:2      | Reached XP level 3. HP: 19/20 MP: 3/11
   895 | D:2      | Learned a level 3 spell: Mephitic Cloud
   898 | D:2      | Learned a level 2 spell: Call Imp
   901 | D:2      | Learned a level 2 spell: Blink
   905 | D:2      | Learned a level 3 spell: Conjure Flame
  1342 | D:2      | Reached skill level 1 in Fighting
  1342 | D:2      | Reached skill level 1 in Armour
  1903 | D:3      | Reached XP level 4. HP: 25/25 MP: 8/13
  1931 | D:3      | Noticed Grinder
  1982 | D:3      | Found Nuadegrad's General Store.
  2206 | D:3      | Found a glowing drain.
  2210 | Sewer    | Entered a sewer
  2357 | Sewer    | Noticed a kobold brigand
  2363 | Sewer    | Killed a kobold brigand
  2364 | Sewer    | Reached skill level 6 in Spellcasting
  2364 | Sewer    | Reached skill level 1 in Fire Magic
  2364 | Sewer    | Reached XP level 5. HP: 29/29 MP: 8/15
  2505 | Sewer    | Found a white marble altar of Elyvilon.
  3170 | D:3      | Reached skill level 1 in Poison Magic
  3296 | D:3      | Reached XP level 6. HP: 33/34 MP: 8/17
  3517 | D:3      | Paralysed by Grinder for 4 turns
  3523 | D:3      | Paralysed by Grinder for 4 turns
  3549 | D:3      | Paralysed by Grinder for 7 turns
  4179 | D:3      | Found a runed translucent door.
  4180 | D:3      | Noticed Crazy Yiuf
  4325 | D:3      | Killed Crazy Yiuf
  4582 | D:3      | Paralysed by Grinder for 4 turns
  4597 | D:3      | Paralysed by Grinder for 2 turns
  4601 | D:3      | Paralysed by Grinder for 7 turns
  4639 | D:3      | Killed Grinder
  4640 | D:3      | Reached skill level 7 in Spellcasting
  4640 | D:3      | Reached skill level 1 in Air Magic
  5135 | D:4      | Reached XP level 7. HP: 39/39 MP: 17/20
  5383 | D:4      | Reached skill level 8 in Spellcasting
  5954 | D:4      | Found an iron altar of Okawaru.
  6098 | D:5      | Entered Level 5 of the Dungeon
  6124 | D:5      | Reached XP level 8. HP: 44/44 MP: 5/22
  6236 | D:5      | Noticed Edmund
  6254 | D:5      | Reached skill level 9 in Spellcasting
  6261 | D:5      | Killed Edmund
  6567 | D:5      | Reached skill level 5 in Conjurations
  6932 | D:5      | Reached skill level 10 in Spellcasting
  8201 | D:6      | Reached XP level 9. HP: 48/48 MP: 17/25
  8547 | D:6      | Learned a level 3 spell: Stone Arrow
  8654 | D:6      | Found Lionwek's Antique Weapon Emporium.
  9013 | D:6      | Reached skill level 1 in Evocations
  9166 | D:6      | Reached skill level 5 in Fire Magic
  9166 | D:6      | Reached skill level 1 in Earth Magic
  9486 | D:7      | Reached skill level 11 in Spellcasting
 10037 | D:7      | Found a snail-covered altar of Cheibriados.
 10096 | D:7      | Found a staircase to the Ecumenical Temple.
 10104 | Temple   | Entered the Ecumenical Temple
 10127 | Temple   | Became a worshipper of Vehumet
 11076 | D:8      | Noticed a polar bear
 11084 | D:8      | Killed a polar bear
 11085 | D:8      | Reached skill level 12 in Spellcasting
 11203 | D:8      | Noticed a polar bear
 11219 | D:8      | Killed a polar bear
 11220 | D:8      | Reached XP level 10. HP: 34/56 MP: 16/28
 11554 | D:8      | Reached * piety under Vehumet
 11554 | D:8      | Offered knowledge of Shock by Vehumet.
 11557 | D:8      | Learned a level 1 spell: Shock
 12118 | D:9      | Noticed Erica
 12132 | D:9      | Killed Erica
 12271 | D:9      | Reached skill level 13 in Spellcasting
 12902 | D:9      | Noticed a two-headed ogre
 12906 | D:9      | Killed a two-headed ogre
 12906 | D:9      | Reached ** piety under Vehumet
 12906 | D:9      | Offered knowledge of Poisonous Vapours by Vehumet.
 13074 | D:9      | Found a staircase to the Lair.
 13120 | D:9      | Noticed Grum
 13137 | D:9      | Killed Grum
 13138 | D:9      | Reached XP level 11. HP: 61/61 MP: 25/30
 13161 | D:9      | Reached skill level 14 in Spellcasting
 13532 | D:10     | Entered Level 10 of the Dungeon
 13533 | D:10     | Noticed Sonja
 13571 | D:10     | Killed Sonja
 13574 | D:10     | Offered knowledge of Static Discharge by Vehumet.
 13696 | D:10     | Noticed Fannar
 13704 | D:10     | Killed Fannar
 13705 | D:10     | Reached skill level 5 in Armour
 13856 | D:10     | Noticed a two-headed ogre
 13864 | D:10     | Killed a two-headed ogre
 13875 | D:10     | Learned a level 6 spell: Freezing Cloud
 14418 | D:11     | Noticed a two-headed ogre
 14422 | D:11     | Killed a two-headed ogre
 14423 | D:11     | Reached skill level 15 in Spellcasting
 14423 | D:11     | Reached skill level 1 in Ice Magic
 14447 | D:11     | Found Wiqul's Armour Shoppe.
 14449 | D:11     | Found a staircase to the Orcish Mines.
 14452 | D:11     | Noticed a two-headed ogre
 14457 | D:11     | Killed a two-headed ogre
 14457 | D:11     | Reached *** piety under Vehumet
 14458 | D:11     | Reached skill level 1 in Shields
 14466 | D:11     | Noticed a green ugly thing
 14473 | D:11     | Killed a green ugly thing
 14661 | D:11     | Noticed a two-headed ogre
 14667 | D:11     | Killed a two-headed ogre
 15057 | D:11     | Found an ornate altar of the Wu Jian Council.
 15422 | D:12     | Noticed Josephine
 15511 | D:12     | Killed Josephine
 15512 | D:12     | Reached XP level 12. HP: 50/66 MP: 11/33
 15874 | D:12     | Noticed a boulder beetle
 16407 | D:12     | Reached skill level 16 in Spellcasting
 16410 | D:12     | Offered knowledge of Ignite Poison by Vehumet.
 16465 | D:12     | Found Useennel's Jewellery Shoppe.
 16586 | D:12     | Killed a boulder beetle
 16587 | D:12     | Reached skill level 10 in Conjurations
 16676 | D:13     | Noticed a two-headed ogre
 16681 | D:13     | Killed a two-headed ogre
 17338 | D:13     | Noticed a catoblepas
 17348 | D:13     | Killed a catoblepas
 17405 | D:13     | Noticed a boulder beetle
 17417 | D:13     | Noticed Rupert
 17544 | Lair:1   | Entered Level 1 of the Lair of Beasts
 17546 | Lair:1   | Found an iron altar of Okawaru.
 17605 | Lair:1   | Reached skill level 10 in Fire Magic
 17801 | Lair:1   | Learned a level 1 spell: Foxfire
 17807 | Lair:1   | Learned a level 5 spell: Fireball
 17897 | Lair:1   | Reached skill level 17 in Spellcasting
 18107 | Lair:1   | Reached **** piety under Vehumet
 18323 | Lair:2   | Offered knowledge of Yara's Violent Unravelling by Vehumet.
 18323 | Lair:2   | Noticed a six-headed hydra
 18337 | Lair:2   | Noticed Harold
 18342 | Lair:1   | HP: 2/67 [poisoned by a cane toad]
 18343 | Lair:1   | Succumbed to a cane toad's poison

Illustrated notes

Levels and vault maps discovered:
D:1:      lightli_arrival_isolated_outpost, layout_basic, serial_park_tiny_1
D:2:      kennysheep_six_static_rooms, layout_basic
D:3:      layout_loops_ring, gup_sewer_entry_bowl, serial_shops,
          nicolae_shop_waterfront, uniq_grinder, uniq_crazy_yiuf_cottage
D:4:      layout_loops_ring, nicolae_overflow_crystal_walls,
          minmay_increasing_density
D:5:      layout_loops_cross, minmay_ogre_servants, uniq_edmund
D:6:      layout_layer_cave, serial_shops, shop
D:7:      layout_layer_cave, minmay_temple_entry_mini_moons,
          minmay_ruined_shrine
D:8:      layout_loops_ring, serial_ice, serial_ice_j, serial_ice_h,
          serial_ice_o, serial_ice_g, grunt_ministairs_13
D:9:      layout_long_grid, lair_entry_dummy, minmay_strange_pillars,
          hangedman_corner_corridor, uniq_erica, uniq_grum
D:10:     layout_cave_pools, uniq_sonja, uniq_fannar
D:11:     layout_cave_pools, orc_david_3, nzn_wu_jian_council_hall
D:12:     layout_roguey, serial_shops, shop, uniq_josephine
D:13:     kennysheep_green_arena, layout_loops_ring, david_vaults_2,
          nicolae_qazlal_eye_of_the_storm, uniq_jorgrun, uniq_rupert
Temple:   roderic_octagonal_lattice_temple
Lair:1:   layout_cave_shapes, basic_altar, infiniplex_staircase_pool_2
Lair:2:   layout_roguey, minivault_27, lemuel_fruit_tree, uniq_harold

Skill      XL: |  1  2  3  4  5  6  7  8  9 10 11 12 |
---------------+-------------------------------------+-----
Spellcasting   | 5 6 7 8 10 12 13 15 17 | 17.3
Fighting       | 1 2 3 4 |  4.3
Armour         | 1 3 4 5 |  5.1
Conjurations   | 2 3 4 5 7 8 9 10 | 10.8
Dodging        | 3 |  3.1
Fire Magic     | 1 3 4 6 7 9 10 | 10.3
Stealth        | 3 |  3.0
Poison Magic   | 1 |  1.0
Air Magic      | 1 |  1.4
Evocations     | 1 |  1.0
Earth Magic    | 1 |  1.1
Ice Magic      | 1 |  1.0
Shields        | 2 4 |  4.1
Summonings     | |  1.1
Translocations | |  1.1

Action                   |  1- 3 |  4- 6 |  7- 9 | 10-12 || total
-------------------------+-------+-------+-------+-------++-------
Melee: Dagger            |    18 |    38 |       |       ||    56
       Hand axe          |       |     1 |       |       ||     1
       Quarterstaff      |       |     2 |    79 |    30 ||   111
       Short sword       |       |       |       |    12 ||    12
 Cast: Magic Dart        |    93 |   173 |   133 |    38 ||   437
       Mephitic Cloud    |     1 |     7 |    16 |    31 ||    55
       Conjure Flame     |     1 |     1 |    22 |    28 ||    52
       Call Imp          |       |    17 |       |     8 ||    25
       Blink             |       |     2 |     2 |     4 ||     8
       Stone Arrow       |       |       |    32 |   200 ||   232
       Shock             |       |       |       |    63 ||    63
       Fireball          |       |       |       |    19 ||    19
  Use: Scroll            |       |       |       |    12 ||    12
 Stab: Confused          |       |     2 |     9 |     2 ||    13
       Sleeping          |       |     1 |     1 |       ||     2
       Distracted        |       |     1 |       |       ||     1
Armor: Robe              |     1 |       |       |       ||     1
       Leather armour    |     6 |    24 |    18 |     6 ||    54
       Troll leather arm |       |       |       |    12 ||    12
       Acid dragon scale |       |       |       |    31 ||    31
Dodge: Dodged            |    14 |    67 |    65 |    81 ||   227

Table legend: (Time is in decaauts)
 A = Elapsed time spent in this place.
 B = Non-inter-level travel time spent in this place.
 C = Inter-level travel time spent in this place.
 D = Time resting spent in this place.
 E = Time spent auto-exploring this place.
 F = Levels seen in this place.
 G = Mean time per level.
                   A        B        C        D        E       F      G
               +--------+--------+--------+--------+--------+-----+--------+
         Total |  18428 |  17744 |    684 |   1637 |  13226 |  17 | 1084.0 |
       Dungeon |  17182 |  16535 |    647 |   1560 |  12324 |  13 | 1321.7 |
        Temple |     82 |     65 |     17 |      0 |     19 |   1 |   82.0 |
          Lair |    800 |    781 |     19 |      0 |    641 |   2 |  400.0 |
         Sewer |    363 |    363 |      0 |     77 |    241 |   1 |  363.0 |
               +--------+--------+--------+--------+--------+-----+--------+

Top non-repeatable levels by time:
     D:3: 2034 daAuts
     D:5: 1800 daAuts
     D:6: 1611 daAuts
     D:2: 1555 daAuts
    D:12: 1548 daAuts
     D:9: 1528 daAuts
     D:7: 1523 daAuts
     D:4: 1301 daAuts
     D:8: 1133 daAuts
    D:11: 962 daAuts
     D:1: 891 daAuts
  Lair:1: 759 daAuts
    D:10: 720 daAuts
    D:13: 570 daAuts
   Sewer: 363 daAuts
